 Dungeon Crawl Stone Soup version 0.25.1-2-g60ff931df9 (webtiles) character file.

Game seed: 448442160573975942

140 Descartes the Covered (level 5, -7/41 HPs)
             Began as a Formicid Chaos Knight on Aug 13, 2020.
             Was a Plaything of Xom.
             Mangled by an orc warrior
             ... wielding a +0 hand axe
              (17 damage)
             ... on level 4 of the Dungeon.
             The game lasted 00:05:30 (2799 turns).

Descartes the Covered (Formicid Chaos Knight)       Turns: 2799, Time: 00:05:31

Health: -7/41      AC:  5    Str: 18    XL:     5   Next: 46%
Magic:  5/5        EV:  9    Int: 11    God:    Xom [..*...]
Gold:   201        SH:  9    Dex: 10    Spells: 4/4 levels left

rFire    . . .     SeeInvis +   a - +0 falchion (chaos)
rCold    . . .     Gourm    .   j - +0 kite shield
rNeg     . . .     Faith    .   b - +2 leather armour
rPois    +         Spirit   .   (helmet unavailable)
rElec    .         Reflect  .   (no cloak)
rCorr    .         Harm     .   (no gloves)
MR       .....                  (no boots)
Stlth    +.........             (no amulet)
HPRegen  0.13/turn              s - ring of poison resistance
MPRegen  0.09/turn              (no ring)

@: no status effects
A: permanent stasis, dig shafts and tunnels, four strong arms, antennae 3
a: Dig, Shaft Self, Renounce Religion


You were on level 4 of the Dungeon.
You worshipped Xom.
You were a toy of Xom.
You were not hungry.

You visited 1 branch of the dungeon, and saw 4 of its levels.

You collected 201 gold pieces.

Inventory:

Hand Weapons
 a - a +0 falchion of chaos (weapon)
Missiles
 h - 14 stones (quivered)
 i - 35 sling bullets
 k - 34 arrows
 r - 8 boomerangs
 u - 25 bolts
 A - 8 poisoned darts
Armour
 b - a +2 leather armour (worn)
 d - a +0 plate armour
 j - a +0 kite shield (worn)
 l - a +0 ring mail
 m - a +0 ring mail
Jewellery
 s - a ring of poison resistance (left hand)
Scrolls
 e - a scroll of enchant weapon {unknown}
 g - 5 scrolls of identify {unknown}
 n - 2 scrolls of remove curse {unknown}
 t - a scroll of enchant armour {unknown}
 w - a scroll of blinking {unknown}
 x - a scroll of amnesia {unknown}
 y - a scroll of fear {unknown}
 z - a scroll of teleportation {unknown}
Potions
 f - 2 potions of curing {unknown}
 o - a potion of cancellation {unknown}
 p - a potion of mutation {unknown}
 q - a potion of stabbing {unknown}
 v - a potion of brilliance {unknown}
Comestibles
 c - 6 rations


   Skills:
 - Level 3.2 Fighting
 - Level 3.0 Long Blades
 + Level 4.6 Armour
 - Level 0.8 Dodging
 + Level 3.4 Shields


You had 4 spell levels left.
You didn't know any spells.
Your spell library was empty.

Dungeon Overview and Level Annotations

Branches:
Dungeon (4/15)
 Temple: D:4-7

Altars:
Qazlal


Innate Abilities, Weirdness & Mutations

You cannot be hasted, slowed, berserked, paralysed or teleported.
You can dig through walls and to a lower floor.
Your four strong arms can wield two-handed weapons with a shield.
You have a pair of large antennae on your head. (SInv)


Message History

You closely miss the orc warrior.
The orc warrior is heavily wounded.
The orc wizard barely misses you. You block the orc warrior's attack.
The orc wizard hits you with a +0 dagger.
The orc hits you with a +0 club. You block the orc priest's attack.
The orc wizard points at you and mumbles some strange words.
Your stasis prevents you from being slowed.
The orc wizard mumbles some strange words.
The orc wizard blinks!
The orc wizard hits you but does no damage.
You closely miss the orc wizard. The orc wizard completely misses you.
The orc wizard hits you with a +0 dagger.
You hit the orc wizard but do no damage.
The orc wizard closely misses you.
The orc wizard hits you with a +0 dagger.
* * * LOW HITPOINT WARNING * * *
You miss the orc wizard. You block the orc wizard's attack.
The orc warrior hits you with a +0 hand axe!
You die...
Xom is highly amused!

...# #+# ######... .....
........#######.#.# .#
................#.# .#
#######.#######.#.# %#
#...............#.# .#
#.#####.#######.#.# .##
#.#####.......#.#.###..####
...............o@oo.o.....#
########.....#######o####.#
.............# #o.{{.#
###.....#.##.# #.o#o.##
###.###.#....# #...$##
#.......#....# .(. ..#
#.#.#####..#.###.#(8.#
#<#..รท.......# #. .8..
....#####.#..# # .##..


You could see an orc warrior, an orc wizard (fast) and 3 orcs.

Vanquished Creatures
  A gnoll (D:1)
  4 adders
  4 worms
  4 dart slugs
  A leopard gecko (D:2)
  An orc (D:3)
  3 giant cockroaches
  7 goblins
  8 hobgoblins
  9 jackals
  6 kobolds
  A quokka (D:2)
  2 ball pythons (D:3)
  12 bats
  4 frilled lizards
  5 rats
72 creatures vanquished.

Notes
Turn   | Place    | Note
-------+----------+-------------------------------------------
     0 | D:1      | Descartes the Formicid Chaos Knight began the quest for the
                  | Orb.
     0 | D:1      | Reached XP level 1. HP: 18/18 MP: 1/1
   138 | D:1      | Reached XP level 2. HP: 24/24 MP: 2/2
   139 | D:1      | Reached skill level 3 in Armour
   262 | D:1      | XOM: divination: detect creatures
   347 | D:1      | XOM: silly message
   452 | D:1      | Reached skill level 1 in Shields
   452 | D:1      | Reached XP level 3. HP: 19/29 MP: 3/3
   810 | D:2      | Reached XP level 4. HP: 34/35 MP: 4/4
   840 | D:2      | XOM: butterfly on damage
  1198 | D:2      | XOM: silly message
  1352 | D:2      | Reached skill level 4 in Armour
  1503 | D:2      | You fall into a shaft and drop 1 floor!
  1532 | D:3      | XOM: cloud trail
  1675 | D:3      | Reached XP level 5. HP: 31/41 MP: 5/5
  1802 | D:3      | Found a stormy altar of Qazlal.
  2294 | D:2      | XOM: god gift: ring mail {god gift}
  2602 | D:2      | You fall into a shaft and drop 2 floors!
  2788 | D:4      | Noticed an orc warrior
  2799 | D:4      | Mangled by an orc warrior

Illustrated notes

Levels and vault maps discovered:
D:1:      wander_arrival_chamber, layout_basic
D:2:      layout_basic, minmay_unequal
D:3:      layout_rooms, first_ration, nicolae_qazlal_eye_of_the_storm
D:4:      layout_basic, gammafunk_ghost_grave, serial_shops, shop_statue,
          guppyfry_early_orc_mine

Skill      XL: |  1  2  3  4  5 |
---------------+----------------+-----
Armour         | 3 4 |  4.6
Shields        | 1 2 3 |  3.4
Fighting       | |  3.2
Long Blades    | |  3.0
Dodging        | |  0.8

Action                   |  1- 3 |  4- 6 || total
-------------------------+-------+-------++-------
Melee: Falchion          |    57 |   138 ||   195
 Stab: Sleeping          |     1 |       ||     1
       Paralysed         |       |     2 ||     2
  Eat: Chunk             |       |     6 ||     6
Armor: Leather armour    |    15 |    48 ||    63
       Plate armour      |     3 |       ||     3
Dodge: Dodged            |    25 |    76 ||   101
Block: Kite shield       |    20 |    92 ||   112
       Rpst.: Falchion   |    10 |    29 ||    39
